General information
- name: BNet
- type: Ladder team game (AT/RT)
- host: Battle.net
- saver: Cato
map: FullScaleAssault
- players: 8
- length: 52:08
- speed: Fast
- version: 1.26 W3XP
- replay type: Public
» download(302 KB)
Players
team 1 (loser)

»
K1LL (
red | 63 APM | 2382 actions | 37:56)
6 Keeper of the Grove
3 Entangling Roots
2 Force of Nature
1 Tranquility
4 Priestess of the Moon
2 Trueshot Aura
2 Searing Arrows
» actions
| Basic commands | 13 | |
| Build / train | 120 | |
| Enter build submenu | 29 | |
| Enter hero's abilities submenu | 10 | |
| Give item / drop item | 5 | |
| Remove unit from queue | 1 | |
| Right click | 1265 | |
| Select / deselect | 800 | |
| Use ability | 139 | |
2382 total
» units
| Wisp | 35 | |
| Archer | 20 | |
| Hippogryph | 21 | |
76 total
» upgrades
| Strength of the Wild | 3 | |
| Strength of the Moon | 3 | |
| Moon Armor | 3 | |
| Improved Bows | 1 | |
| Hippogryph Taming | 1 | |
| Marksmanship | 1 | |
| Reinforced Hides | 3 | |
| Well Spring | 1 | |
| Ultravision | 1 | |
| Abolish Magic | 1 | |
18 total
» buildings
| Altar of Elders | 1 | |
| Moon Well | 8 | |
| Ancient of War | 2 | |
| Hunter's Hall | 2 | |
| Tree of Ages | 3 | |
| Tree of Life | 4 | |
| Ancient of Wind | 2 | |
| Ancient of Wonders | 1 | |
| Ancient Protector | 4 | |
| Tree of Eternity | 2 | |
| Ancient of Lore | 4 | |
33 total
» build order
00:14 Altar of Elders
00:20 Moon Well
00:29 Ancient of War
01:40 Ancient of War
01:56 Moon Well
02:26 Hunter's Hall
02:49 Moon Well
04:27 Tree of Ages
05:21 Tree of Life
06:46 Moon Well
06:56 Ancient of Wind
06:58 Ancient of Wind
07:03 Ancient of Wonders
09:04 Ancient Protector
09:49 Ancient Protector
11:46 Moon Well
11:47 Tree of Eternity
12:44 Moon Well
14:20 Moon Well
15:23 Moon Well
16:44 Hunter's Hall
18:51 Ancient Protector
20:25 Ancient Protector
22:22 Ancient of Lore
22:25 Ancient of Lore
27:10 Tree of Life
30:03 Tree of Ages
31:03 Tree of Life
31:41 Tree of Life
32:27 Tree of Eternity
32:44 Ancient of Lore
32:46 Ancient of Lore
» items
| Potion of Lesser Invulnerability | 3 | |
| Scroll of Healing | 1 | |
| Scroll of Town Portal | 1 | |
| Boots of Speed | 1 | |
| Dust of Appearance | 1 | |
7 total
Katun_This (
green | 25 APM | 1143 actions | 45:34)
3 Demon Hunter
2 Evasion
1 Mana Burn
5 Priestess of the Moon
3 Trueshot Aura
1 Scout
1 Searing Arrows
» actions
| Basic commands | 18 | |
| Build / train | 54 | |
| Enter build submenu | 17 | |
| Enter hero's abilities submenu | 7 | |
| Remove unit from queue | 1 | |
| Right click | 720 | |
| Select / deselect | 263 | |
| Use ability | 63 | |
1143 total
» units
| Wisp | 16 | |
| Druid of the Claw | 10 | |
26 total
» upgrades
| Strength of the Wild | 3 | |
| Reinforced Hides | 3 | |
| Druid of the Claw Training | 2 | |
| Mark of the Claw | 1 | |
9 total
» buildings
| Moon Well | 9 | |
| Altar of Elders | 1 | |
| Ancient of War | 2 | |
| Hunter's Hall | 1 | |
| Tree of Ages | 5 | |
| Ancient of Lore | 2 | |
| Tree of Eternity | 1 | |
21 total
» build order
00:07 Moon Well
00:13 Moon Well
00:21 Altar of Elders
00:34 Ancient of War
01:34 Moon Well
02:05 Hunter's Hall
02:24 Ancient of War
03:02 Tree of Ages
03:03 Tree of Ages
03:03 Tree of Ages
03:03 Tree of Ages
03:12 Moon Well
03:23 Moon Well
03:54 Moon Well
04:00 Moon Well
04:22 Moon Well
05:26 Ancient of Lore
05:29 Ancient of Lore
07:24 Tree of Eternity
14:51 Moon Well
GOKU-DID-MY-SIS (
pink | 65 APM | 3386 actions | 52:08)
7 Warden
3 Fan of Knives
3 Blink
1 Spirit of Vengeance
» actions
| Assign group hotkey | 111 | |
| Basic commands | 102 | |
| Build / train | 101 | |
| Enter build submenu | 33 | |
| Enter hero's abilities submenu | 7 | |
| Give item / drop item | 6 | |
| Remove unit from queue | 2 | |
| Right click | 1347 | |
| Select / deselect | 414 | |
| Select group hotkey | 1015 | |
| Use ability | 248 | |
3386 total
» units
| Wisp | 40 | |
| Archer | 7 | |
| Goblin Shredder | 1 | |
| Goblin Zeppelin | 1 | |
| Hippogryph | 9 | |
| Chimaera | 8 | |
66 total
» upgrades
| Strength of the Wild | 3 | |
| Reinforced Hides | 3 | |
| Ultravision | 1 | |
| Nature's Blessing | 1 | |
| Corrosive Breath | 1 | |
9 total
» buildings
| Moon Well | 7 | |
| Altar of Elders | 1 | |
| Ancient of War | 1 | |
| Ancient of Wonders | 2 | |
| Tree of Ages | 3 | |
| Hunter's Hall | 1 | |
| Ancient Protector | 29 | |
| Ancient of Wind | 2 | |
| Tree of Life | 3 | |
| Tree of Eternity | 2 | |
| Chimaera Roost | 4 | |
55 total
» build order
00:08 Moon Well
00:22 Altar of Elders
00:33 Ancient of War
01:38 Moon Well
01:54 Moon Well
02:07 Ancient of Wonders
03:34 Tree of Ages
03:34 Tree of Ages
04:22 Hunter's Hall
05:56 Moon Well
06:19 Ancient Protector
06:19 Ancient Protector
06:21 Ancient Protector
06:22 Ancient Protector
06:41 Ancient Protector
07:01 Ancient Protector
08:14 Ancient of Wind
09:25 Tree of Life
09:31 Ancient Protector
09:35 Ancient Protector
10:46 Tree of Life
11:02 Ancient of Wind
12:00 Ancient Protector
12:03 Ancient Protector
12:55 Moon Well
12:56 Moon Well
12:57 Moon Well
14:19 Tree of Eternity
16:32 Ancient Protector
16:32 Ancient Protector
16:33 Ancient Protector
16:33 Ancient Protector
16:39 Ancient Protector
16:50 Chimaera Roost
16:51 Chimaera Roost
16:51 Chimaera Roost
16:52 Chimaera Roost
17:29 Ancient Protector
17:30 Ancient Protector
17:30 Ancient Protector
20:12 Ancient Protector
20:13 Ancient Protector
20:14 Ancient Protector
20:15 Ancient Protector
20:15 Ancient Protector
21:48 Ancient Protector
21:49 Ancient Protector
21:49 Ancient Protector
21:56 Ancient of Wonders
24:29 Ancient Protector
25:33 Ancient Protector
47:17 Tree of Life
» items
| Rod of Necromancy | 1 | |
| Staff of Teleportation | 1 | |
| Boots of Speed | 1 | |
| Scroll of Town Portal | 1 | |
| Potion of Invisibility | 2 | |
| Potion of Lesser Invulnerability | 1 | |
7 total

»
Men-of-Mayhem (
purple | 25 APM | 1220 actions | 48:20)
4 Dark Ranger
2 Black Arrow
2 Silence
4 Lich
2 Frost Nova
2 Frost Armor
» actions
| Assign group hotkey | 21 | |
| Basic commands | 33 | |
| Build / train | 88 | |
| Enter build submenu | 30 | |
| Enter hero's abilities submenu | 10 | |
| Right click | 628 | |
| Select / deselect | 280 | |
| Select group hotkey | 56 | |
| Use ability | 74 | |
1220 total
» units
| Acolyte | 22 | |
| Ghoul | 3 | |
| Crypt Fiend | 6 | |
| Gargoyle | 9 | |
40 total
» upgrades
| Creature Carapace | 2 | |
| Creature Attack | 3 | |
| Web | 1 | |
| Unholy Strength | 1 | |
| Unholy Armor | 1 | |
| Burrow | 1 | |
9 total
» buildings
| Graveyard | 1 | |
| Ziggurat | 14 | |
| Altar of Darkness | 1 | |
| Crypt | 1 | |
| Nerubian Tower | 2 | |
| Tomb of Relics | 1 | |
| Spirit Tower | 11 | |
| Halls of the Dead | 1 | |
| Necropolis | 1 | |
| Black Citadel | 1 | |
| Slaughterhouse | 1 | |
| Sacrificial Pit | 1 | |
36 total
» build order
00:23 Graveyard
00:36 Ziggurat
01:13 Altar of Darkness
01:25 Crypt
01:32 Ziggurat
01:44 Nerubian Tower
02:01 Tomb of Relics
02:15 Ziggurat
03:13 Spirit Tower
03:37 Ziggurat
03:47 Ziggurat
03:57 Spirit Tower
05:51 Spirit Tower
06:33 Halls of the Dead
07:40 Spirit Tower
10:09 Ziggurat
11:13 Spirit Tower
12:31 Ziggurat
14:07 Ziggurat
15:16 Nerubian Tower
15:31 Ziggurat
16:24 Spirit Tower
17:40 Ziggurat
18:35 Spirit Tower
18:44 Ziggurat
20:18 Spirit Tower
21:56 Ziggurat
22:17 Necropolis
22:30 Black Citadel
23:17 Spirit Tower
27:30 Ziggurat
27:34 Ziggurat
28:10 Slaughterhouse
28:18 Sacrificial Pit
29:52 Spirit Tower
29:55 Spirit Tower
» items
| Sacrificial Skull | 1 | |
| Dust of Appearance | 2 | |
| Rod of Necromancy | 2 | |
| Potion of Healing | 2 | |
| Potion of Mana | 1 | |
| Periapt of Vitality | 1 | |
| Boots of Speed | 1 | |
| Scroll of Town Portal | 1 | |
| Potion of Lesser Invulnerability | 1 | |
| Scroll of Protection | 1 | |
| Scroll of Healing | 1 | |
14 total
team 2 (winner)

»
FloppyTits (
teal | 22 APM | 584 actions | 27:03)
1 Crypt Lord
1 Carrion Beetles
» actions
| Assign group hotkey | 10 | |
| Basic commands | 29 | |
| Build / train | 28 | |
| Enter build submenu | 8 | |
| Enter hero's abilities submenu | 1 | |
| Remove unit from queue | 1 | |
| Right click | 262 | |
| Select / deselect | 186 | |
| Select group hotkey | 35 | |
| Use ability | 24 | |
584 total
» units
| Acolyte | 3 | |
| Ghoul | 12 | |
| Crypt Fiend | 2 | |
| Chimaera | 3 | |
20 total
» upgrades
» buildings
| Ziggurat | 3 | |
| Altar of Darkness | 1 | |
| Crypt | 2 | |
| Graveyard | 1 | |
| Tomb of Relics | 1 | |
| Halls of the Dead | 1 | |
9 total
» build order
00:09 Ziggurat
00:12 Altar of Darkness
00:34 Crypt
00:59 Graveyard
01:14 Ziggurat
01:46 Tomb of Relics
04:13 Halls of the Dead
04:17 Ziggurat
04:55 Crypt
» items
| Sacrificial Skull | 2 | |
| Scroll of Town Portal | 1 | |
3 total
emmoo (
blue | 25 APM | 586 actions | 23:08)
4 Demon Hunter
2 Immolation
2 Evasion
» actions
| Assign group hotkey | 15 | |
| Basic commands | 36 | |
| Build / train | 51 | |
| Enter build submenu | 19 | |
| Enter hero's abilities submenu | 4 | |
| Remove unit from queue | 2 | |
| Right click | 222 | |
| Select / deselect | 198 | |
| Select group hotkey | 11 | |
| Use ability | 28 | |
586 total
» units
| Wisp | 17 | |
| Hippogryph | 6 | |
| Chimaera | 15 | |
38 total
» upgrades
| Strength of the Wild | 2 | |
| Reinforced Hides | 2 | |
| Corrosive Breath | 1 | |
5 total
» buildings
| Altar of Elders | 1 | |
| Moon Well | 8 | |
| Tree of Ages | 1 | |
| Hunter's Hall | 1 | |
| Tree of Eternity | 1 | |
| Ancient of Wind | 1 | |
| Chimaera Roost | 3 | |
| Tree of Life | 1 | |
| Ancient Protector | 1 | |
| Ancient of Wonders | 1 | |
19 total
» build order
00:13 Altar of Elders
00:18 Moon Well
01:25 Moon Well
02:32 Moon Well
02:43 Tree of Ages
04:08 Hunter's Hall
04:42 Moon Well
05:15 Tree of Eternity
05:23 Ancient of Wind
05:50 Moon Well
06:48 Moon Well
08:05 Chimaera Roost
08:09 Chimaera Roost
08:24 Moon Well
09:31 Chimaera Roost
11:03 Tree of Life
12:41 Moon Well
18:58 Ancient Protector
21:49 Ancient of Wonders
GodgodGOD (
yellow | 75 APM | 3917 actions | 52:08)
10 Blademaster
3 Wind Walk
3 Critical Strike
1 Bladestorm
3 Mirror Image
» actions
| Assign group hotkey | 242 | |
| Basic commands | 89 | |
| Build / train | 80 | |
| Enter build submenu | 49 | |
| Enter hero's abilities submenu | 10 | |
| Give item / drop item | 10 | |
| Remove unit from queue | 1 | |
| Right click | 2126 | |
| Select / deselect | 410 | |
| Select group hotkey | 426 | |
| Use ability | 474 | |
3917 total
» units
| Peon | 13 | |
| Grunt | 4 | |
| Goblin Shredder | 2 | |
| Troll Batrider | 4 | |
| Wind Rider | 3 | |
| Raider | 2 | |
| Blue Dragon | 2 | |
| Goblin Zeppelin | 1 | |
31 total
» upgrades
| Ranged Weapons | 3 | |
| Armor | 3 | |
| Reinforced Defenses | 1 | |
| Troll Regeneration | 1 | |
| Liquid Fire | 1 | |
| Envenomed Spears | 1 | |
| Ensnare | 1 | |
| Melee Weapons | 3 | |
| Pillage | 1 | |
15 total
» buildings
| Orc Burrow | 12 | |
| Altar of Storms | 1 | |
| Barracks | 1 | |
| Voodoo Lounge | 1 | |
| Stronghold | 1 | |
| Great Hall | 6 | |
| War Mill | 1 | |
| Watch Tower | 25 | |
| Beastiary | 6 | |
| Fortress | 1 | |
55 total
» build order
00:15 Orc Burrow
00:52 Altar of Storms
00:53 Barracks
01:05 Orc Burrow
01:40 Voodoo Lounge
02:56 Stronghold
03:59 Orc Burrow
04:56 Great Hall
05:31 War Mill
06:13 Orc Burrow
07:05 Watch Tower
07:05 Watch Tower
07:06 Watch Tower
07:57 Beastiary
07:58 Beastiary
08:03 Beastiary
09:24 Fortress
10:32 Great Hall
10:35 Watch Tower
10:35 Watch Tower
10:36 Watch Tower
10:38 Watch Tower
10:38 Watch Tower
10:39 Watch Tower
10:39 Watch Tower
10:42 Watch Tower
10:43 Watch Tower
10:43 Watch Tower
10:43 Watch Tower
12:00 Beastiary
12:04 Beastiary
12:14 Beastiary
24:00 Orc Burrow
29:42 Great Hall
29:44 Watch Tower
29:45 Watch Tower
29:45 Watch Tower
29:45 Watch Tower
29:46 Watch Tower
29:47 Watch Tower
29:47 Watch Tower
29:47 Watch Tower
31:16 Orc Burrow
31:17 Orc Burrow
31:18 Orc Burrow
31:19 Orc Burrow
31:20 Orc Burrow
32:05 Orc Burrow
36:20 Orc Burrow
40:32 Great Hall
40:35 Great Hall
44:06 Great Hall
45:13 Watch Tower
45:30 Watch Tower
» items
| Healing Salve | 5 | |
| Lesser Clarity Potion | 2 | |
| Boots of Speed | 1 | |
| Periapt of Vitality | 1 | |
| Scroll of Town Portal | 4 | |
| Staff of Teleportation | 2 | |
| Potion of Healing | 2 | |
| Potion of Mana | 1 | |
| Orb of Lightning | 1 | |
19 total
Cato (
orange | 88 APM | 4583 actions | 52:08)
5 Death Knight
2 Death Coil
3 Unholy Aura
7 Crypt Lord
3 Carrion Beetles
3 Spiked Carapace
1 Locust Swarm
5 Lich
2 Frost Armor
3 Frost Nova
» actions
| Assign group hotkey | 73 | |
| Basic commands | 189 | |
| Build / train | 263 | |
| ESC pressed | 13 | |
| Enter build submenu | 119 | |
| Enter hero's abilities submenu | 19 | |
| Give item / drop item | 7 | |
| Right click | 1798 | |
| Select / deselect | 833 | |
| Select group hotkey | 941 | |
| Use ability | 328 | |
4583 total
» units
| Acolyte | 42 | |
| Ghoul | 9 | |
| Crypt Fiend | 13 | |
| Goblin Zeppelin | 10 | |
| Obsidian Statue | 6 | |
| Gargoyle | 5 | |
| Banshee | 1 | |
| Wisp | 2 | |
| Blue Dragon Whelp | 1 | |
| Blue Drake | 1 | |
| Blue Dragon | 5 | |
95 total
» upgrades
| Creature Attack | 3 | |
| Creature Carapace | 3 | |
| Unholy Armor | 3 | |
| Burrow | 1 | |
| Web | 1 | |
| Ghoul Frenzy | 1 | |
| Destroyer Form | 2 | |
| Unholy Strength | 3 | |
| Stone Form | 1 | |
| Cannibalize | 1 | |
| Ultravision | 1 | |
| Strength of the Moon | 1 | |
| Moon Armor | 1 | |
| Disease Cloud | 1 | |
| Exhume Corpses | 1 | |
| Backpack | 1 | |
| Necromancer Training | 2 | |
| Banshee Training | 2 | |
| Skeletal Mastery | 1 | |
| Skeletal Longevity | 1 | |
31 total
» buildings
| Graveyard | 7 | |
| Crypt | 5 | |
| Altar of Darkness | 2 | |
| Ziggurat | 32 | |
| Tomb of Relics | 2 | |
| Nerubian Tower | 1 | |
| Necropolis | 29 | |
| Halls of the Dead | 18 | |
| Spirit Tower | 37 | |
| Black Citadel | 17 | |
| Sacrificial Pit | 2 | |
| Slaughterhouse | 1 | |
| Temple of the Damned | 3 | |
| Tree of Life | 1 | |
| Altar of Elders | 1 | |
| Moon Well | 2 | |
| Tree of Ages | 1 | |
| Hunter's Hall | 1 | |
162 total
» build order
00:07 Graveyard
00:08 Crypt
00:42 Altar of Darkness
00:57 Ziggurat
01:24 Tomb of Relics
01:54 Ziggurat
04:05 Nerubian Tower
05:04 Ziggurat
05:25 Necropolis
06:53 Ziggurat
06:58 Halls of the Dead
06:59 Halls of the Dead
07:30 Ziggurat
08:10 Spirit Tower
08:24 Spirit Tower
08:25 Spirit Tower
08:27 Ziggurat
08:48 Graveyard
08:51 Crypt
08:54 Ziggurat
09:58 Necropolis
11:37 Spirit Tower
11:37 Spirit Tower
11:37 Spirit Tower
11:47 Necropolis
12:14 Ziggurat
12:19 Ziggurat
12:44 Ziggurat
12:46 Halls of the Dead
12:46 Halls of the Dead
12:46 Halls of the Dead
13:08 Spirit Tower
13:08 Spirit Tower
13:11 Ziggurat
13:26 Ziggurat
13:37 Ziggurat
14:15 Spirit Tower
14:16 Spirit Tower
14:19 Ziggurat
14:45 Spirit Tower
14:45 Spirit Tower
14:45 Spirit Tower
14:47 Spirit Tower
14:50 Ziggurat
14:51 Spirit Tower
15:41 Ziggurat
16:28 Ziggurat
16:30 Ziggurat
16:31 Ziggurat
16:33 Ziggurat
16:34 Ziggurat
17:50 Spirit Tower
17:51 Spirit Tower
18:04 Altar of Darkness
18:11 Ziggurat
18:12 Ziggurat
18:14 Ziggurat
18:22 Spirit Tower
18:27 Spirit Tower
18:30 Ziggurat
18:32 Ziggurat
18:36 Spirit Tower
19:05 Spirit Tower
19:05 Spirit Tower
19:19 Spirit Tower
19:25 Black Citadel
20:30 Sacrificial Pit
20:32 Slaughterhouse
20:33 Crypt
21:24 Tomb of Relics
22:14 Crypt
22:16 Crypt
22:20 Ziggurat
22:21 Ziggurat
22:54 Spirit Tower
22:55 Spirit Tower
22:58 Ziggurat
23:01 Ziggurat
23:02 Ziggurat
23:58 Spirit Tower
23:58 Spirit Tower
24:33 Graveyard
25:16 Necropolis
25:19 Necropolis
26:19 Necropolis
26:20 Necropolis
26:22 Spirit Tower
27:14 Necropolis
27:17 Spirit Tower
27:18 Spirit Tower
27:21 Ziggurat
28:02 Halls of the Dead
28:02 Halls of the Dead
28:07 Necropolis
28:10 Necropolis
28:13 Spirit Tower
28:14 Spirit Tower
28:14 Spirit Tower
29:06 Halls of the Dead
30:40 Black Citadel
30:41 Black Citadel
33:04 Halls of the Dead
33:05 Halls of the Dead
33:06 Graveyard
33:07 Graveyard
33:08 Graveyard
33:12 Halls of the Dead
33:12 Halls of the Dead
33:14 Halls of the Dead
38:37 Temple of the Damned
38:38 Temple of the Damned
38:39 Temple of the Damned
40:07 Black Citadel
40:08 Black Citadel
40:09 Black Citadel
40:09 Black Citadel
40:09 Black Citadel
40:11 Black Citadel
40:12 Black Citadel
41:22 Necropolis
41:25 Necropolis
41:27 Necropolis
41:31 Necropolis
41:32 Necropolis
41:35 Necropolis
41:39 Necropolis
41:42 Necropolis
41:46 Necropolis
41:49 Necropolis
41:53 Necropolis
41:55 Necropolis
41:57 Necropolis
43:38 Graveyard
47:13 Tree of Life
47:49 Necropolis
49:38 Altar of Elders
49:57 Moon Well
49:59 Moon Well
50:03 Tree of Ages
50:47 Necropolis
50:52 Necropolis
50:55 Necropolis
50:59 Necropolis
51:03 Necropolis
51:11 Hunter's Hall
51:44 Sacrificial Pit
» items
| Rod of Necromancy | 3 | |
| Sacrificial Skull | 1 | |
| Boots of Speed | 1 | |
| Scroll of Town Portal | 6 | |
| Periapt of Vitality | 2 | |
| Staff of Teleportation | 1 | |
| Scroll of Healing | 2 | |
| Potion of Invisibility | 1 | |
| Circlet of Nobility | 1 | |
| Orb of Corruption | 2 | |
| Potion of Healing | 1 | |
| Potion of Mana | 1 | |
22 total
Chat log
(00:12 / All) GodgodGOD: LOVE OH LOVE GOTTA TELL YA HOW I FEEL ABOUT YA
(00:18 / All) GOKU-DID-MY-SIS: goku did my sister lolz
(00:49 / All) GodgodGOD: that is the dumbest name ever
(00:56 / All) GOKU-DID-MY-SIS: red is getting a kick out of it
(00:59 / All) emmoo: gokus the best thing ever created
(01:01 / All) K1LL: yeah
(01:12 / All) GOKU-DID-MY-SIS: goku pwn the phuck out of harry potter
(01:15 / All) K1LL: yall have no sense of humor obviously
(01:28 / All) Cato: if his name was a joke it would be funny
(01:47 / All) K1LL: yeah...
(01:50 / Allies) GodgodGOD: Gold? Lumbers?
(02:33 / Allies) GodgodGOD: Blue give me some gold, babe
(02:50 / Allies) Cato: I was going to say inc straight tech
(02:51 / Allies) Cato: too late
(02:59 / Allies) GodgodGOD: It was obvious
(03:03 / Allies) GodgodGOD: Give me some gold, baby
(03:35 / Allies) GodgodGOD: straight teching ne
(03:39 / Allies) Cato: on outside
(03:41 / Allies) GodgodGOD: outside base
(03:43 / Allies) GodgodGOD: wide open
(03:44 / Allies) GodgodGOD: hall
(04:11 / Allies) Cato: go away teal
(04:13 / Allies) Cato: I can creep myself
(04:24 / Allies) Cato: I can do this myself
(04:25 / Allies) Cato: go
(04:44 / Allies) Cato: dumb faggot
(04:49 / Allies) GodgodGOD: teal just wants to hold hands and make out
(05:19 / Allies) Cato: sick rally
(05:50 / Allies) GodgodGOD: Gold anyone?
(07:40 / Allies) Cato: help
(07:46 / Allies) emmoo: teal fuck off
(07:54 / Allies) emmoo: please
(11:04 / All) FloppyTits: you all should attack orange is a cock sucker
(11:08 / All) GodgodGOD: you love me purple?
(11:14 / All) Cato: he tried to steal my creeps
(11:19 / All) Cato: so I killed his hero
(11:24 / All) Cato: he then did a shitty backstab
(11:27 / All) GodgodGOD: fair is fair
(11:33 / All) FloppyTits: orange has no base and either do i
(11:36 / All) emmoo: were still gonna win
(11:41 / All) FloppyTits: 4v2 right now
(11:50 / All) emmoo: but im 3
(11:51 / All) emmoo: so 5v4
(11:54 / All) emmoo: sorry bros
(12:01 / Allies) Cato: free expo for me tyvm
(12:28 / Allies) Cato: wood
(12:41 / Allies) Cato: ty
(13:09 / All) GodgodGOD: You're not getting that expo buddy
(13:36 / All) FloppyTits: blue has chims
(13:40 / All) FloppyTits: get AA
(13:48 / All) FloppyTits: orange with fiends
(14:04 / Allies) GodgodGOD: coime here blue
(14:07 / All) FloppyTits: yellow with nothing
(14:23 / Allies) GodgodGOD: here
(14:24 / Allies) GodgodGOD: kill purple
(14:31 / Allies) GodgodGOD: HERE
(14:35 / Allies) GodgodGOD: stay
(14:37 / Allies) GodgodGOD: wtf
(14:39 / Allies) GodgodGOD: coward!
(14:53 / Allies) emmoo: stfu im cumin
(14:54 / Allies) emmoo: im amzing
(14:56 / All) GodgodGOD: blue is a fucking coward!
(15:04 / All) GodgodGOD: mnever seen the like
(15:06 / All) emmoo: yellow has aids
(15:20 / Allies) GodgodGOD: hit purple
(15:26 / All) GodgodGOD: I have intractable retards
(15:38 / Allies) GodgodGOD: stay
(15:41 / Allies) GodgodGOD: just attack move
(15:43 / All) GodgodGOD: omfg
(15:57 / Allies) Cato: help
(17:14 / Allies) Cato: help niggers
(17:18 / Allies) emmoo: LOL U KILL MY HERO?
(17:23 / Allies) Cato: no
(17:29 / Allies) emmoo: wrong move oj
(17:58 / Allies) Cato: ty
(18:03 / Allies) GodgodGOD: run to my basts
(18:10 / All) FloppyTits: yellow has bats
(18:12 / All) FloppyTits: Care
(18:18 / All) FloppyTits: coming for you red
(18:20 / All) Cato: yeah green didn't see them
(18:57 / All) GodgodGOD: they should have ripped thru his hippo riders
(19:00 / All) GodgodGOD: but my que was fucked up
(19:49 / Allies) GodgodGOD: kotg
(19:56 / Allies) Cato: bats
(21:40 / All) GodgodGOD: all tehse stuns last WAY TOO FUCKING LONG
(21:54 / All) GodgodGOD: uit's fuycking riducloisui
(22:02 / All) GodgodGOD: thjey can tee off on me for htat long
(22:10 / All) GodgodGOD: horse shit
(22:22 / All) emmoo: yellow has a yellow dick
(22:22 / All) GodgodGOD: 10 seconds on a hero
(22:24 / All) emmoo: aka tiny
(22:29 / All) Cato: most fucking weird build I've ever done as ud
(22:32 / All) Cato: weird tech this game
(22:39 / All) GodgodGOD: yellow isn't a synonym for tiny bro
(22:58 / Allies) GodgodGOD: shade
(23:01 / Allies) GodgodGOD: we need to kill kotg
(23:14 / Allies) Cato: where is kotg?
(23:46 / All) GodgodGOD: lucky silence
(24:33 / All) GOKU-DID-MY-SIS: i like cock
(24:49 / All) Cato: blue is backstabbing me now lol
(24:58 / All) GOKU-DID-MY-SIS: teal is using him blue left
(25:00 / All) Men-of-Mayhem: so hang out in a faggot chat room ace
(25:01 / All) Cato: oh teal using them
(25:08 / All) Cato: gj you killed a useless necropolis
(25:28 / All) FloppyTits: where did your upgraded one go?
(25:36 / All) Cato: I didn't need it
(25:38 / All) Cato: All I need is trihero
(26:10 / All) GodgodGOD: fucking teal is a faggot
(26:13 / All) GodgodGOD: wasiting my time
(26:45 / All) GOKU-DID-MY-SIS: DIDNT I SAY NO HIPPOS RED
(26:53 / All) Cato: this game is fucking weird I have no idea wtf is going on or what to do
(26:54 / All) GodgodGOD: what kind of retard
(26:56 / All) GodgodGOD: stayts all game
(26:57 / All) GodgodGOD: just for that
(28:20 / All) GOKU-DID-MY-SIS: give me ur resources red
(28:21 / All) GOKU-DID-MY-SIS: or i wont stop
(29:12 / All) GOKU-DID-MY-SIS: i like u red
(29:13 / All) GOKU-DID-MY-SIS: i do
(29:17 / All) GOKU-DID-MY-SIS: but u defied an order
(29:45 / All) GOKU-DID-MY-SIS: thats over with red
(29:47 / All) GOKU-DID-MY-SIS: u said no hippos
(29:49 / All) GOKU-DID-MY-SIS: and u got hippos
(30:04 / All) GOKU-DID-MY-SIS: yea
(30:07 / All) GOKU-DID-MY-SIS: and i said dont
(30:09 / All) GOKU-DID-MY-SIS: u defied an order
(30:31 / All) GOKU-DID-MY-SIS: i said i was getting them
(30:42 / All) GOKU-DID-MY-SIS: fuck u purple watch ur mouth
(31:09 / All) GOKU-DID-MY-SIS: want to throw it down purple
(31:12 / All) GOKU-DID-MY-SIS: watch that mouth of urs
(31:25 / All) GOKU-DID-MY-SIS: i aint dog shit man
(31:27 / All) GOKU-DID-MY-SIS: im made of gold
(31:29 / All) GOKU-DID-MY-SIS: and silver
(31:40 / All) GOKU-DID-MY-SIS: how am i doing nothing
(31:56 / All) GOKU-DID-MY-SIS: yes red?
(31:57 / All) GOKU-DID-MY-SIS: k
(32:11 / All) GOKU-DID-MY-SIS: ill let u keep ur heros puprle
(32:12 / Allies) GodgodGOD: Let's kill this nigger red
(32:40 / All) GodgodGOD: You're dead motherfucker
(32:42 / All) GodgodGOD: you hear me red?
(32:46 / All) GodgodGOD: ROOT THESE BITCH
(32:53 / All) GOKU-DID-MY-SIS: purple got beef with me
(32:56 / All) GOKU-DID-MY-SIS: he wants to throw it down
(33:06 / All) GOKU-DID-MY-SIS: why should i choke on dogshit purple? im a health white male
(33:10 / All) GOKU-DID-MY-SIS: yes red
(33:35 / All) GOKU-DID-MY-SIS: oh ur fiends need to die purp
(33:44 / All) GOKU-DID-MY-SIS: take my hipos no point in keeping them
(33:59 / All) GOKU-DID-MY-SIS: i mean tthat to be a whisper
(34:08 / All) GOKU-DID-MY-SIS: no we arnet red
(34:10 / All) GOKU-DID-MY-SIS: we got this
(34:59 / All) GodgodGOD: ready purple?
(35:06 / All) GodgodGOD: time to die
(35:15 / Allies) GodgodGOD: Let's mete out the justice
(35:24 / Allies) Cato: spare some wood?
(35:30 / All) GOKU-DID-MY-SIS: why dont u like me purple
(35:36 / Allies) Cato: ty
(35:53 / All) GodgodGOD: Why is my foe already vanquished|?
(35:54 / All) GOKU-DID-MY-SIS: how am i pathetic prup
(36:03 / All) K1LL: pink bsed all of us...
(36:10 / All) GodgodGOD: I got an error and brought out of game
(36:10 / All) Cato: teal bsed too
(36:34 / All) GOKU-DID-MY-SIS: WHY U GIVING UP
(36:35 / All) GOKU-DID-MY-SIS: PURP
(36:45 / Allies) GodgodGOD: you bought both of them
(37:06 / All) Cato: 3 levels!
(37:38 / All) GOKU-DID-MY-SIS: I WONT LOSE PURPLE U SHUT UP
(37:53 / All) GOKU-DID-MY-SIS: FUCK ME?
(37:54 / All) GOKU-DID-MY-SIS: FUCK U
(37:58 / All) GodgodGOD: well you got the root off
(38:17 / All) GodgodGOD: what did red say during all of this
(38:29 / All) GOKU-DID-MY-SIS: pruple why u quiet man
(38:40 / All) GOKU-DID-MY-SIS: u jealous i am 400 pounds purple?
(38:41 / All) Men-of-Mayhem: he got tked by pink
(38:45 / All) Men-of-Mayhem: just like me
(38:46 / All) GOKU-DID-MY-SIS: and am nicknamed the whale
(38:53 / All) GodgodGOD: |
(38:54 / All) Cato: I was bsed by teal and I'm not complaining
(38:59 / All) GodgodGOD: You would have been raped by me anyway
(39:06 / All) GodgodGOD: He saved you some ignomy
(39:29 / All) Cato: not 1 level
(39:31 / All) Cato: kind of disappointing
(39:32 / All) GOKU-DID-MY-SIS: crypt lord is a beastsssss
(39:40 / All) Cato: close to 4/4 dk and lich
(39:45 / All) Men-of-Mayhem: .... yea... yea... yea... just beat the black out of pink the fucking psycho nigger
(39:48 / All) GOKU-DID-MY-SIS: purple still doesnt understand what is going on
(39:49 / All) GOKU-DID-MY-SIS: lolz
(40:14 / All) GOKU-DID-MY-SIS: how am i a sphyco
(40:16 / All) GOKU-DID-MY-SIS: purple?
(40:19 / All) GOKU-DID-MY-SIS: i did good this game
(40:25 / All) GOKU-DID-MY-SIS: so im crazy and a cunt?
(40:28 / All) GOKU-DID-MY-SIS: that doesnt make sense
(40:40 / All) GOKU-DID-MY-SIS: im pro at what?
(40:48 / All) GOKU-DID-MY-SIS: chims in middle in 30 sec
(40:51 / All) Cato: MORE CHIMS
(41:01 / All) GOKU-DID-MY-SIS: now im a dickhead?
(41:03 / All) GOKU-DID-MY-SIS: explain purple
(41:07 / All) GOKU-DID-MY-SIS: green do u understand this guy
(42:11 / All) GOKU-DID-MY-SIS: why u quie tpurple
(42:28 / All) Cato: 2 levels!
(42:30 / All) Cato: good work
(42:39 / All) Cato: 3 levels
(42:40 / All) GOKU-DID-MY-SIS: ty ty big brother
(42:40 / All) Cato: lvl 7 cl
(42:48 / All) GOKU-DID-MY-SIS: we are roomates purple? did u not realize this
(43:01 / All) Cato: check near top left inside base
(43:05 / All) Cato: I made ab unch of necropolises
(43:10 / All) Cato: send a wisp to the middle
(43:12 / All) Cato: so I can possess it
(43:26 / All) GOKU-DID-MY-SIS: ok!
(44:11 / All) Cato: My banshee is ready
(44:17 / All) Cato: DO NOT KILL IT
(44:31 / All) Cato: no mana now
(44:33 / All) Cato: have to wait
(44:43 / All) GOKU-DID-MY-SIS: how am i pathetic
(44:44 / All) GOKU-DID-MY-SIS: purple
(44:49 / All) GOKU-DID-MY-SIS: they are my brothers
(44:54 / All) GOKU-DID-MY-SIS: why would i kill a brother
(44:56 / All) GOKU-DID-MY-SIS: family?
(45:00 / All) GOKU-DID-MY-SIS: nobody hurts their family
(45:09 / All) GOKU-DID-MY-SIS: only crazy people, and i sure aint crazy
(45:13 / All) GOKU-DID-MY-SIS: how am i lower than whale shit?
(45:21 / All) Cato: only 50 more mana!
(45:27 / All) GOKU-DID-MY-SIS: im the successor to a very successful corproate enterprise
(45:53 / All) GOKU-DID-MY-SIS: u have no base and no heros purple
(45:55 / All) GOKU-DID-MY-SIS: and i have my warden
(45:57 / All) GOKU-DID-MY-SIS: who sucks now
(46:23 / All) GOKU-DID-MY-SIS: talk in all cha tpurple
(46:28 / All) GOKU-DID-MY-SIS: my brohters want to hear you speak
(46:45 / All) GodgodGOD: I shall oblige him
(46:47 / All) Cato: The game was rigged
(46:47 / All) GOKU-DID-MY-SIS: be a man
(47:21 / All) Men-of-Mayhem: pink .. the mega pro psycho shit tker
(47:35 / All) GOKU-DID-MY-SIS: q;uit calling me physo purple
(47:45 / All) Cato: got my ne tree started
(47:47 / All) Men-of-Mayhem: pink has a base by dragon den
(48:33 / All) Cato: that is my tree
(48:40 / All) Cato: bad idea
(48:41 / All) GodgodGOD: stuck now niglet
(49:09 / Allies) Cato: bot shop probably
(50:02 / Allies) GodgodGOD: alright
(50:08 / Allies) GodgodGOD: enough with this tomfoolery
(50:08 / All) GOKU-DID-MY-SIS: why did teal tk u early i never asked
(50:15 / All) GodgodGOD: he tked teal
(50:35 / All) GOKU-DID-MY-SIS: for what?
(51:29 / All) GodgodGOD: don't be a nigger I earned this win!
(51:43 / Allies) GodgodGOD: wtf
(51:46 / All) GOKU-DID-MY-SIS: u want me to leave? U never asked who should win
(52:06 / Allies) GodgodGOD: ah
(52:07 / All) Cato: is that your last tree?